General information
- name: 1vs1 skilled vck #2
- type: Custom game
- host: PhoeNix_FaST
- saver: Starship
map: TurtleRock
- players: 11
- length: 24:50
- speed: Fast
- version: 1.24 W3XP
- replay type: Public
» download(193 KB)
Players
team 1 (winner)
PhoeNix_FaST (
dark-green | 210 APM | 5206 actions | 24:50)
6 Warden
2 Shadow Strike
3 Fan of Knives
1 Spirit of Vengeance
6 Pandaren Brewmaster
3 Breath of Fire
2 Drunken Haze
1 Storm Earth and Fire
» actions
| Assign group hotkey | 29 | |
| Basic commands | 23 | |
| Build / train | 89 | |
| ESC pressed | 4 | |
| Enter build submenu | 18 | |
| Enter hero's abilities submenu | 15 | |
| Give item / drop item | 10 | |
| Remove unit from queue | 2 | |
| Right click | 2585 | |
| Select / deselect | 912 | |
| Select group hotkey | 1227 | |
| Use ability | 292 | |
5206 total
» units
| Wisp | 22 | |
| Archer | 1 | |
| Huntress | 2 | |
| Dryad | 5 | |
| Druid of the Claw | 7 | |
37 total
» upgrades
| Abolish Magic | 1 | |
| Druid of the Claw Training | 2 | |
| Well Spring | 1 | |
| Mark of the Claw | 1 | |
5 total
» buildings
| Altar of Elders | 1 | |
| Moon Well | 5 | |
| Ancient of War | 1 | |
| Hunter's Hall | 1 | |
| Tree of Ages | 1 | |
| Ancient of Wonders | 3 | |
| Tree of Eternity | 2 | |
| Ancient of Lore | 4 | |
| Ancient Protector | 2 | |
20 total
» build order
00:04 Altar of Elders
00:16 Moon Well
00:22 Ancient of War
02:00 Hunter's Hall
02:49 Tree of Ages
02:57 Moon Well
03:06 Ancient of Wonders
03:46 Moon Well
05:21 Tree of Eternity
05:23 Ancient of Lore
05:50 Ancient of Lore
05:52 Ancient of Lore
06:40 Moon Well
07:17 Ancient Protector
07:17 Ancient Protector
08:43 Ancient of Wonders
11:07 Ancient of Wonders
11:17 Tree of Eternity
13:54 Moon Well
15:09 Ancient of Lore
» items
| Lesser Clarity Potion | 10 | |
| Staff of Preservation | 2 | |
| Potion of Invisibility | 1 | |
| Potion of Lesser Invulnerability | 2 | |
| Scroll of Healing | 2 | |
| Moonstone | 1 | |
| Potion of Healing | 2 | |
| Scroll of Town Portal | 4 | |
| Anti-magic Potion | 1 | |
| Potion of Mana | 1 | |
| Scroll of Protection | 1 | |
27 total
team 2 (loser)
Starship (
pink | 92 APM | 2294 actions | 24:50)
5 Archmage
3 Summon Water Elemental
2 Brilliance Aura
4 Mountain King
2 Storm Bolt
2 Thunder Clap
2 Paladin
1 Holy Light
1 Divine Shield
» actions
| Assign group hotkey | 34 | |
| Basic commands | 157 | |
| Build / train | 98 | |
| Enter build submenu | 15 | |
| Enter hero's abilities submenu | 12 | |
| Give item / drop item | 4 | |
| Remove unit from queue | 2 | |
| Right click | 933 | |
| Select / deselect | 599 | |
| Select group hotkey | 255 | |
| Use ability | 185 | |
2294 total
» units
| Peasant | 15 | |
| Footman | 3 | |
| Rifleman | 14 | |
| Sorceress | 8 | |
| Priest | 4 | |
| Spell Breaker | 4 | |
48 total
» upgrades
| Gunpowder | 2 | |
| Long Rifles | 1 | |
| Sorceress Training | 1 | |
| Armor | 1 | |
5 total
» buildings
| Altar of Kings | 1 | |
| Barracks | 1 | |
| Farm | 9 | |
| Keep | 2 | |
| Blacksmith | 1 | |
| Arcane Vault | 1 | |
| Arcane Sanctum | 1 | |
| Town Hall | 1 | |
| Castle | 1 | |
18 total
» build order
00:08 Altar of Kings
00:18 Barracks
00:33 Farm
00:51 Farm
01:34 Farm
02:36 Keep
02:36 Keep
02:55 Blacksmith
03:42 Farm
03:47 Arcane Vault
04:21 Farm
05:40 Arcane Sanctum
06:56 Farm
11:02 Farm
12:06 Town Hall
17:01 Castle
17:22 Farm
20:50 Farm
» items
| Scroll of Regeneration | 5 | |
| Lesser Clarity Potion | 1 | |
| Scroll of Healing | 8 | |
| Dust of Appearance | 1 | |
| Scroll of Town Portal | 3 | |
| Potion of Lesser Invulnerability | 4 | |
| Potion of Healing | 1 | |
23 total
observersSei(uS,
PhoeNix_Light,
Lord_Lonsdale,
derorcabuser,
Akies,
Crime.in.Stereo,
sh1ttyfag,
beepo,
S18N Chat log
(00:29 / All) Starship: gl hf
(00:31 / All) PhoeNix_FaST: gl
(15:10 / All) Starship: spikes o.0
(15:13 / All) PhoeNix_FaST: sec
(15:15 / All) Starship: kl
(16:36 / All) Starship: -_-
(19:23 / All) Starship: grrr
(23:00 / All) Starship: christ that aoe lol
(23:02 / All) Starship: 3 scrolsl
(23:56 / All) Starship: lol elf
(24:45 / All) Starship: :s
(24:47 / All) Starship: riodiculous
(24:49 / All) Starship: gg